 Dungeon Crawl Stone Soup version 0.18-a0-1639-g7533f42 (webtiles) character file.

72 syage the Skirmisher (level 4, -2/35 HPs)
             Began as a Vampire Fighter on Mar 27, 2016.
             Killed by nerve-wracking pain
             ... invoked by Menkaure
              (12 damage)
             ... on level 4 of the Dungeon.
             The game lasted 00:04:58 (1735 turns).

syage the Skirmisher (Vampire Fighter)              Turns: 1735, Time: 00:04:59

Health: -2/35      AC:  6    Str: 21    XL:     4   Next: 6%
Magic:  4/4        EV:  8    Int: 10    God:
Gold:   61         SH:  9    Dex: 13    Spells: 0 memorised, 3 levels left

rFire  + . .     SeeInvis +     a - +0 long sword
rCold  . . .     Gourm    .     b - +0 scale mail
rNeg   + . .     Faith    .     c - +0 shield
rPois  .         Spirit   .     (no helmet)
rElec  .         Dismiss  .     (no cloak)
rCorr  .         Reflect  .     (no gloves)
SustAt .         Harm     .     (no boots)
MR     .....                    (no amulet)
Stlth  ..........               (no ring)
                                i - ring of protection from fire

@: mighty, not resistant to hostile enchantments, extremely unstealthy
A: fangs 3, see invisible, unbreathing
a: Bat Form


You were on level 4 of the Dungeon.
You were not thirsty.

You visited 1 branch of the dungeon, and saw 3 of its levels.

You collected 61 gold pieces.

Inventory:

Hand Weapons
 a - a +0 long sword (weapon)
 q - a cursed -1 short sword
Armour
 b - a +0 scale mail (worn)
 c - a +0 shield (worn)
Jewellery
 i - a ring of protection from fire (left hand)
Scrolls
 h - a scroll of teleportation {unknown}
 j - 2 scrolls of noise {unknown}
 l - a scroll of identify {unknown}
Potions
 e - a potion of blood
 f - a potion of degeneration {unknown}
 g - 2 potions of flight {unknown}
 k - a potion of magic {unknown}
 m - a potion of cure mutation {unknown}
 n - a potion of invisibility {unknown}
 o - a potion of heal wounds {unknown}
 p - a potion of curing {unknown}


   Skills:
 + Level 3.3 Fighting
 + Level 2.4 Long Blades
 + Level 2.8 Armour
 - Level 2.1 Dodging
 - Level 2.8 Shields


You had 3 spell levels left.
You didn't know any spells.

Dungeon Overview and Level Annotations

Branches:
Dungeon (2/15)

Altars:

Annotations:
D:4 Menkaure


Innate Abilities, Weirdness & Mutations

You have razor-sharp teeth.
You have supernaturally acute eyesight.
You can survive without breathing.


Message History

You hit Menkaure. You bite Menkaure, but do no damage.
Menkaure is lightly damaged.
Menkaure hits you!
You hit Menkaure. You bite Menkaure.
Menkaure is heavily damaged.
You block Menkaure's attack.
You barely miss Menkaure.
Menkaure is heavily damaged.
You block Menkaure's attack.
A quokka comes into view.
You barely miss Menkaure.
Menkaure is heavily damaged.
Menkaure points at you and mumbles some strange words.
Pain shoots through your body!
* * * LOW HITPOINT WARNING * * *
Drink which item? (? for menu, Esc to quit)
You feel very mighty all of a sudden. Menkaure casts a spell at you.
Pain shoots through your body!
You die...

########
#....@.#
+[...M.#
#..r.(.#
#......#
##.#####
.. ##


You could see Menkaure and a quokka.

Vanquished Creatures
  2 adders
  2 oozes (D:2)
  A worm (D:2)
  A dart slug (D:1)
  A giant gecko (D:2)
  2 ball pythons (D:1)
  4 bats
  A giant cockroach (D:1)
  5 goblins
  3 hobgoblins (D:1)
  6 jackals
  A quokka (D:1)
  A giant newt (D:2)
  2 kobolds
  5 rats
37 creatures vanquished.

Notes
Turn   | Place    | Note
--------------------------------------------------------------
     0 | D:1      | syage the Vampire Fighter began the quest for the Orb.
     0 | D:1      | Reached XP level 1. HP: 17/17 MP: 1/1
   225 | D:1      | Reached skill level 3 in Fighting
   288 | D:1      | Reached XP level 2. HP: 22/24 MP: 2/2
   723 | D:1      | Reached skill level 1 in Dodging
   723 | D:1      | Reached XP level 3. HP: 22/29 MP: 3/3
  1360 | D:2      | Reached XP level 4. HP: 32/35 MP: 4/4
  1730 | D:2      | You fall through a shaft for 2 floors!
  1730 | D:4      | Noticed Menkaure
  1735 | D:4      | Killed from afar by Menkaure

Vault maps used:
D:1:      evilmike_arrival_crescent, serial_forest, infiniplex_forest_corner_1,
          infiniplex_forest_clump_small, infiniplex_forest_clump_tiny,
          infiniplex_forest_straight_3, infiniplex_forest_lined_ring,
          infiniplex_forest_end_double, infiniplex_forest_clump_large,
          infiniplex_forest_fountain, minmay_shallow_snake_nest
D:2:      st_stairs_4
D:4:      lemuel_crystal_altar, overflow_temple_1_default,
          grunt_decor_one_mirror, uniq_crazy_yiuf_cottage, uniq_menkaure,
          uniq_pikel

Skill      XL: |  1  2  3 |
---------------+----------+-----
Fighting       | 3 |  3.3
Dodging        | 1 2 |  2.1
Long Blades    | |  2.4
Armour         | |  2.8
Shields        | |  2.8

Action                   |  1- 3 |  4- 6 || total
-------------------------+-------+-------++-------
Melee: Long sword        |   118 |    13 ||   131
  Use: Potion            |       |     1 ||     1
  Eat: Corpse            |     8 |       ||     8
